Map: Acid Plant LE

Players

Zanster

  • Race: Zerg Zerg
  • Spawn Location: 11:00

Lambo - Winner!

  • Race: Zerg Zerg
  • Spawn Location: 5:00

Event: WCS Montreal 2018

VOD

Have the link to the VOD?

Description

Time

  • Played on: Sept. 8, 2018, 11:38 a.m.
  • Length: 6:13

All games in this series

Show
View Real Time Build Order
Export as new Build Order

Zanster Zerg 

Build Orders: Hatch First, Zergling Baneling 

Get SALT Encoding   

  12  0:00  Drone  
  13  0:12  Overlord  
  13  0:16  Drone  
  14  0:31  Drone x2  
  14  0:35  Drone  
  17  0:52  Hatchery  
  17  0:54  Drone  
  17  0:57  Drone  
  17  0:59  Extractor  
  17  1:13  Spawning Pool  
  17  1:16  Drone  
  17  1:20  Drone  
  18  1:29  Drone  
  19  1:40  Drone  
  20  1:52  Drone  
  21  2:01  Overlord  
  21  2:03  Queen x2  
  21  2:04  Drone  
  21  2:07  Metabolic Boost  
  26  2:11  Drone  
  26  2:14  Drone  
  28  2:21  Drone  
  29  2:28  Zergling x2  
  30  2:36  Hatchery  
  29  2:40  Queen  
  31  2:45  Zergling x4  
  31  2:46  Zergling x2  
  31  2:49  Zergling x2  
  35  2:54  Overlord  
  35  3:00  Drone  
  36  3:09  Overlord  
  36  3:13  Drone x5  
  41  3:20  Baneling Nest  
  41  3:21  Drone  
  41  3:22  Drone  
  42  3:29  Drone  
  42  3:30  Overlord, Drone  
  44  3:40  Zergling x2  
  44  3:44  Zergling x2  
  44  3:45  Zergling x2  
  45  3:50  Zergling x8  
  45  3:52  Queen  
  51  4:03  Baneling x3  
  51  4:07  Zergling x4  
  51  4:08  Zergling x8  
  54  4:14  Overlord  
  54  4:16  Drone  
  53  4:19  Drone  
  53  4:23  Drone  
  55  4:36  Drone x3  
  55  4:37  Drone  
  59  4:40  Drone  
  60  4:48  Drone  
  60  4:50  Hatchery  
  60  4:51  Baneling x5  
  60  4:54  Drone  
  61  5:00  Drone x3  
  62  5:11  Drone x3, Evolution Chamber  
  62  5:16  Baneling x2  
  62  5:17  Baneling  
  62  5:19  Overlord  
  62  5:20  Drone  
  63  5:22  Extractor  
  62  5:33  Zergling x14  
  66  5:41  Zergling x4  
Show
View Real Time Build Order
Export as new Build Order

Lambo Zerg - Winner!

Build Orders: Hatch First 

Get SALT Encoding   

  12  0:00  Drone  
  13  0:12  Overlord  
  13  0:17  Drone  
  14  0:31  Drone x2  
  16  0:47  Hatchery  
  15  0:51  Drone  
  15  0:55  Drone  
  17  0:57  Drone  
  18  1:04  Extractor  
  17  1:13  Spawning Pool  
  17  1:18  Drone  
  17  1:21  Drone  
  18  1:28  Drone  
  19  1:38  Drone  
  20  1:49  Drone  
  21  1:59  Drone  
  21  2:01  Queen x2  
  26  2:02  Overlord  
  26  2:07  Metabolic Boost  
  26  2:10  Drone  
  26  2:13  Drone  
  30  2:22  Drone x2  
  30  2:33  Hatchery  
  29  2:39  Drone  
  29  2:40  Overlord  
  30  2:45  Zergling x4  
  32  2:54  Zergling x4  
  34  3:04  Zergling x2  
  34  3:05  Zergling x2  
  36  3:08  Zergling x8  
  40  3:13  Overlord, Zergling x2  
  40  3:18  Baneling Nest  
  40  3:20  Zergling x2  
  40  3:21  Zergling x2  
  42  3:30  Zergling x2  
  42  3:31  Zergling x2  
  44  3:39  Drone x2  
  44  3:40  Drone  
  46  3:42  Drone x4  
  46  3:44  Queen  
  46  3:47  Overlord  
  51  3:50  Zergling x2  
  51  3:51  Drone  
  53  3:56  Drone x2  
  54  4:08  Drone x2  
  56  4:11  Drone x2  
  56  4:14  Zergling x10  
  60  4:17  Baneling x2  
  60  4:21  Drone  
  60  4:22  Roach Warren  
  60  4:23  Extractor  
  60  4:24  Extractor  
  57  4:28  Zergling x6  
  60  4:34  Baneling x4  
  60  4:35  Drone x2  
  62  4:40  Overlord  
  62  4:45  Overlord  
  62  4:47  Drone x4  
  66  4:54  Overlord  
  63  5:08  Roach x7  
  73  5:16  Roach x2  
  76  5:24  Roach x3  
  81  5:29  Overlord  
  81  5:30  Roach  
  81  5:31  Roach  
  81  5:35  Roach  
  86  5:39  Roach  
  87  5:46  Zergling x4  
  87  5:48  Overlord  
Tags
 
Add a new tag
Caveats
  • Supply blocks, unpowered buildings, or Contaminate may cause inaccurate times.
  • Supply counts are checked every 10 seconds.